 Dungeon Sprint DCSS version 0.28-a0-381-g937acc2988 (webtiles) character file.

Game seed: 1817222439785055604

388 Ankalagon the Fighter (level 6, -3/58 HPs)
             Began as a Naga Berserker on Sept 1, 2021.
             Was a Believer of Trog.
             Slain by a neqoxec (4 damage)
             ... in the Dungeon (Sprint II: "The Violet Keep of Menkaure").
             The game lasted 00:00:31 (33 turns).

Ankalagon the Fighter (Naga Berserker)                Turns: 33, Time: 00:00:31

Health: -3/58      AC:  3    Str: 19    XL:     6   Next: 79%
Magic:  6/6        EV: 10    Int:  8    God:    Trog [**....]
Gold:   0          SH:  0    Dex: 12    Spells: 5/5 levels left

rFire   . . .      SeeInvis +   a - +0 spear
rCold   . . .      Faith    .   (no shield)
rNeg    . . .      Spirit   .   b - +0 animal skin
rPois   +          Reflect  .   (no helmet)
rElec   .          Harm     .   (no cloak)
rCorr   .          Rampage  .   (no gloves)
Will    +....      NoTele   +   (no barding)
Stlth   +.........              (no amulet)
HPRegen 0.19/turn               (no ring)
MPRegen 0.10/turn               (no ring)

@: on berserk cooldown, slowed, very slow
A: AC +2, large, see invisible, deformed body, poison resistance, slowness 2,
spit poison 1, naga tail 1, frail 2, strong-willed 1
a: Spit Poison, Renounce Religion, Berserk, Trog's Hand


You were in the Dungeon.
You worshipped Trog.
Trog was pleased with you.
You visited 1 branch

Inventory:

Hand Weapons
 a - a +0 spear (weapon)
Armour
 b - a +0 animal skin (worn)
Scrolls
 h - a scroll of blinking
Potions
 c - a potion of curing
 e - a potion of haste
 f - 2 potions of magic
 g - a potion of berserk rage


   Skills:
 + Level 10.3 Fighting
 + Level 10.3 Polearms
 - Level 1.5 Armour
 - Level 1.5 Dodging


You had 5 spell levels left.
You didn't know any spells.
Your spell library was empty.

Dungeon Overview and Level Annotations

Branches:
Dungeon (1/1)

Altars:


Innate Abilities, Weirdness & Mutations

Your serpentine skin is tough. (AC +2)
You have supernaturally acute eyesight. (SInv)
Armour fits poorly on your strangely shaped body.
Your system is resistant to poisons. (rPois)
You cover ground very slowly.
You can spit poison.
You have a snake-like lower body.
You are very frail. (-20% HP)
You are strong-willed. (Will+)


Message History

You are exhausted.
You feel yourself slow down.
You puncture the neqoxec!
The neqoxec is almost dead.
The neqoxec barely misses you.
You closely miss the neqoxec.
The neqoxec is almost dead.
The neqoxec barely misses you.
You feel much better. The neqoxec hits you!
* * * LOW HITPOINT WARNING * * *
You closely miss the neqoxec.
The neqoxec is almost dead.
The neqoxec hits you!
* * * LOW HITPOINT WARNING * * *
You closely miss the neqoxec.
The neqoxec is almost dead.
The neqoxec closely misses you.
You hit the neqoxec but do no damage.
The neqoxec is almost dead.
The neqoxec gestures at you.
Something tries to feed on your intellect!
You hit the neqoxec but do no damage.
The neqoxec is almost dead.
The neqoxec hits you.
* * * LOW HITPOINT WARNING * * *
Saving game... please wait.
Welcome back, Ankalagon the Naga Berserker.
Trog says: Kill them all!
Press ? for a list of commands and other information.
You hit the neqoxec.
You kill the neqoxec!
Trog accepts your kill.
You can now call upon Trog for regeneration and willpower.
Your Fighting skill increases to level 10!
Your Polearms skill increases to level 10!
You hit the neqoxec but do no damage. The neqoxec barely misses you.
Okay, then.
Unknown command.
You hit the neqoxec but do no damage. The neqoxec hits you.
You die...

# #. #+#
#.##.##
#$3@<.+
#..##.##
#. #+# #


You could see a neqoxec.

Vanquished Creatures
  3 neqoxecs (D)
3 creatures vanquished.

Notes
Turn   | Place    | Note
-------+----------+-------------------------------------------
     0 | D        | Ankalagon the Naga Berserker began the quest for the Orb.
     0 | D        | Reached XP level 1. HP: 21/21 MP: 1/1
     1 | D        | Noticed a neqoxec
     1 | D        | Noticed a neqoxec
     1 | D        | Noticed a neqoxec
     1 | D        | Noticed a neqoxec
     7 | D        | Gained mutation: You are frail. (-10% HP) [a neqoxec]
    11 | D        | Killed a neqoxec
    12 | D        | Reached XP level 2. HP: 10/33 MP: 2/2
    12 | D        | Reached XP level 3. HP: 12/38 MP: 3/3
    12 | D        | Reached XP level 4. HP: 14/45 MP: 4/4
    12 | D        | Reached XP level 5. HP: 16/51 MP: 5/5
    14 | D        | Gained mutation: You are very frail. (-20% HP) [a neqoxec]
    18 | D        | HP: 3/67 [neqoxec (14)]
    20 | D        | Killed a neqoxec
    21 | D        | Reached XP level 6. HP: 4/55 MP: 6/6
    21 | D        | Gained mutation: You are strong-willed. (Will+) [a neqoxec]
    30 | D        | HP: 1/55 [neqoxec (4)]
    31 | D        | Killed a neqoxec
    31 | D        | Reached ** piety under Trog
    32 | D        | Reached skill level 10 in Fighting
    32 | D        | Reached skill level 10 in Polearms
    33 | D        | Slain by a neqoxec

Illustrated notes

Levels and vault maps discovered:
D:        the_violet_keep_of_menkaure [sprint2_stairs_cluster_1,
          sprint2_shoproom, sprint2_temple, sprint2_basic_supplies,
          sprint2_obstacle_6, sprint2_obstacle_1, sprint2_obstacle_5,
          sprint2_obstacle_7, sprint2_obstacle_4, sprint2_timed_cluster_1,
          sprint2_smallroom_cluster_1, sprint2_smallroom_final_cluster_1,
          sprint2_transparent_cluster_1, sprint2_second_timed_cluster_1,
          sprint2_sniper_area_1, sprint2_heavy_combat_area_1,
          sprint2_mutation_trap_area_1, sprint2_forest_area_1,
          sprint2_light_combat_area_1, sprint2_behind_water_1,
          sprint2_near_end_vault_1]

Skill      XL: |  1  2  3  4  5  6 |
---------------+-------------------+-----
Fighting       | 7 9 10 | 10.3
Polearms       | 7 9 10 | 10.3
Armour         | |  1.5
Dodging        | |  1.5

Action                   |  1- 3 |  4- 6 || total
-------------------------+-------+-------++-------
Melee: Spear             |     9 |    21 ||    30
Invok: Berserk           |     1 |       ||     1
  Use: Potion            |       |     1 ||     1
Dodge: Dodged            |     2 |     5 ||     7

Table legend: (Time is in decaauts)
 A = Elapsed time spent in this place.
 B = Non-inter-level travel time spent in this place.
 C = Inter-level travel time spent in this place.
 D = Time resting spent in this place.
 E = Time spent auto-exploring this place.
 F = Levels seen in this place.
 G = Mean time per level.
                   A        B        C        D        E       F      G
               +--------+--------+--------+--------+--------+-----+--------+
         Total |     23 |     23 |      0 |      0 |      0 |   1 |   23.0 |
       Dungeon |     23 |     23 |      0 |      0 |      0 |   1 |   23.0 |
               +--------+--------+--------+--------+--------+-----+--------+

Top non-repeatable levels by time:
       D: 23 daAuts
